 Dungeon Crawl Stone Soup version 0.21-a0-140-g479285b (webtiles) character file.

88 Gorglomux the Insei (level 4, 0/34 HPs)
             Began as a Human Transmuter on July 19, 2017.
             Killed from afar by an orc wizard (12 damage)
             ... with a puff of flame
             ... on level 3 of the Dungeon.
             The game lasted 00:03:27 (2169 turns).

Gorglomux the Insei (Human Transmuter)              Turns: 2169, Time: 00:03:27

Health: 0/34       AC:  4    Str: 10    XL:     4   Next: 81%
Magic:  6/7        EV: 12    Int: 15    God:
Gold:   89         SH:  0    Dex: 13    Spells: 4/7 levels left

rFire    . . .     SeeInvis .     - Unarmed
rCold    . . .     Gourm    .   (no shield)
rNeg     . . .     Faith    .   b - +0 robe
rPois    .         Spirit   .   n - +1 helmet
rElec    .         Reflect  .   (no cloak)
rCorr    .         Harm     .   (no gloves)
MR       .....                  (boots currently unavailable)
Stlth    +.........             (no amulet)
HPRegen  0.11/turn              (no ring)
MPRegen  0.10/turn              (no ring)

@: appendage (expiring)
A: talons 3
a: End Transformation


You were on level 3 of the Dungeon.
You were hungry.
You had grown temporary talons.
You visited 1 branch of the dungeon, and saw 3 of its levels.

You collected 89 gold pieces.

Inventory:

Missiles
 a - 11 arrows
Armour
 b - a +0 robe (worn)
 n - a +1 helmet (worn)
Wands
 L - a wand of lightning (8/15)
Scrolls
 e - 5 scrolls of identify {unknown}
 h - 2 scrolls of immolation {unknown}
 i - 3 scrolls of teleportation {unknown}
 m - a scroll of blinking {unknown}
 q - a scroll of amnesia {unknown}
 r - a scroll of remove curse {unknown}
Potions
 g - a potion of flight {unknown}
 l - a potion of curing {unknown}
 o - a potion of berserk rage {unknown}
 t - a potion of degeneration {unknown}
 A - a potion of heal wounds {unknown}
 M - a potion of invisibility {unknown}
 N - a potion of mutation {unknown}
 O - a potion of agility {unknown}
Books
 c - a book of Changes

   Spells                             Type                      Level
   a - Beastly Appendage              Transmutation                1
   b - Sticks to Snakes               Transmutation                2
   c - Spider Form                    Transmutation/Poison         3
   d - Ice Form                       Ice/Transmutation            4
   e - Blade Hands                    Transmutation                5
 p - a Necronomicon

   Spells                             Type                      Level
   a - Haunt                          Necromancy/Summoning         7
   b - Borgnjor's Revivification      Necromancy                   8
   c - Death's Door                   Charms/Necromancy            8
   d - Infestation                    Necromancy                   8
   e - Necromutation                  Transmutation/Necromancy     8
Comestibles
 d - 4 bread rations
 j - 3 royal jellies
 z - a meat ration


   Skills:
 + Level 2.8 Fighting
 - Level 2.0 Dodging
 + Level 4.2 Unarmed Combat
 - Level 2.0 Spellcasting
 - Level 2.0 Transmutations


You had 4 spell levels left.
You knew the following spells:

 Your Spells              Type           Power        Failure   Level  Hunger
a - Beastly Appendage     Tmut           #.....       10%         1    #......
b - Sticks to Snakes      Tmut           #.......     14%         2    ###....


Dungeon Overview and Level Annotations

Branches:
Dungeon (3/15)

Altars:
Fedhas
Yredelemnul

Annotations:
D:3 exclusion: oklob plant


Innate Abilities, Weirdness & Mutations

You have claws for feet.


Message History

The orc wizard is severely wounded!
The orc wizard butt-ly misses you!
Unknown command!
Unknown command!
Unknown command!
You beat the orc wizard but do no damage!
The orc wizard is severely wounded!
The orc wizard gestures at you while chanting!
The puff of frost hits you!!!
Unknown command!
You are too injured to fight recklessly!!!
Unknown command!
Butt are too injured to fight recklessly!!!
You are too injured to fight recklessly!!!
Unknown command!
You squash the orc wizard like an ant!
The orc wizard is severely wounded!
The orc wizard points at you and mumbles some strange words!
The puff of flame hits you!!! rip

##.######## #.# ... #.# #.#+
#.# #... #.# #.. #.# #g. #.#
#b# #.#.# #o# #)#.#.# #@#
#.#.#.# #.# #.#.#.# #.#
#.#.#.# #.#
#.#.#.#######.################
#.#.[........>................
#..#.#....#########.##########
#..._..........)..#.# #....
#.##.####.#..#.#.##.# #....


You could see an orc wizard, a hobgoblin and a bat.

Vanquished Creatures
  A hound zombie (D:3)
  2 adders
  An ooze (D:1)
  A dart slug (D:1)
  2 leopard geckos
  6 bats
  2 giant cockroaches
  7 goblins
  7 hobgoblins
  10 kobolds
  3 ball pythons
  4 rats
46 creatures vanquished.

Notes
Turn   | Place    | Note
-------+----------+-------------------------------------------
     0 | D:1      | Gorglomux the Human Transmuter began the quest for the Orb.
     0 | D:1      | Reached XP level 1. HP: 15/15 MP: 3/3
    15 | D:1      | Reached XP level 2. HP: 17/21 MP: 3/5
   104 | D:1      | Learned a level 2 spell: Sticks to Snakes
   173 | D:1      | Reached XP level 3. HP: 21/27 MP: 4/6
  1112 | D:2      | Reached XP level 4. HP: 32/34 MP: 5/7
  1506 | D:2      | Reached skill level 4 in Unarmed Combat
  1763 | D:3      | Found a blossoming altar of Fedhas.
  1813 | D:3      | Found a basalt altar of Yredelemnul.
  2003 | D:3      | Found a blossoming altar of Fedhas.
  2016 | D:3      | Noticed an oklob plant
  2169 | D:3      | Killed from afar by an orc wizard

Vault maps used:
D:1:      lightli_molten_gateway
D:3:      lemuel_crystal_altar, marbit_many_paths, tgw_fedhas

Skill      XL: |  1  2  3  4 |
---------------+-------------+-----
Fighting       | 2 |  2.8
Unarmed Combat | 4 |  4.2
Dodging        | |  2.0
Spellcasting   | |  2.0
Transmutations | |  2.0

Action                   |  1- 3 |  4- 6 || total
-------------------------+-------+-------++-------
Melee: Unarmed           |    99 |    53 ||   152
       Kick              |    15 |     7 ||    22
       Punch             |     1 |       ||     1
 Cast: Beastly Appendage |    19 |    10 ||    29
       Sticks to Snakes  |     1 |       ||     1
  Eat: Chunk             |     1 |     3 ||     4
Armor: Robe              |    26 |    17 ||    43
Dodge: Dodged            |    59 |    40 ||    99
